 Dungeon Crawl Stone Soup version 0.19.0-24-gb05acd6 (console) character file.

22264 Kloppie the Phalangite (level 12, -9/106 HPs)
             Began as a Merfolk Berserker on Nov 22, 2016.
             Was a High Priest of Trog.
             Mangled by an entropy weaver (17 damage)
             ... on level 4 of the Lair of Beasts.
             The game lasted 00:21:51 (13887 turns).

Kloppie the Phalangite (Merfolk Berserker)         Turns: 13887, Time: 00:21:51

Health: -9/106     AC: -22   Str: 21    XL:     12   Next: 98%
Magic:  0/12       EV: 20    Int:  7    God:    Trog [*****.]
Gold:   503        SH:  0    Dex: 18    Spells: 0 memorised, 11 levels left

rFire  . . .     SeeInvis .     a - +0 glaive (flame)
rCold  . . .     Gourm    .     L - +3 ring mail
rNeg   . . .     Faith    .     (shield currently unavailable)
rPois  .         Spirit   +     n - +1 helmet
rElec  .         Reflect  .     (no cloak)
rCorr  .         Harm     .     d - +1 pair of gloves
MR     .....                    C - +0 pair of boots
Stlth  ++........               E - amulet of guardian spirit
                                N - +4 ring of strength
                                f - ring of stealth

@: corroded
A: change form in water, swift swim, stealthy swim, robust 1
a: Berserk, Trog's Hand, Brothers in Arms, Burn Spellbooks, Renounce Religion


You were on level 4 of the Lair of Beasts.
You worshipped Trog.
Trog was extremely pleased with you.
You were not hungry.

You visited 2 branches of the dungeon, and saw 14 of its levels.
You also visited: Ossuary.

You collected 756 gold pieces.
You spent 253 gold pieces at shops.

Inventory:

Hand Weapons
 a - a +0 glaive of flaming (weapon)
 b - a +2 halberd of freezing
 g - a +1 glaive of venom
 J - a +3 antimagic halberd
Armour
 d - a +1 pair of gloves (worn)
 n - a +1 helmet (worn)
 C - a +0 pair of boots (worn)
 L - a +3 ring mail (worn)
Jewellery
 f - a ring of stealth (left hand)
 l - an uncursed ring of ice
 E - an amulet of guardian spirit (around neck)
 N - a +4 ring of strength (right hand)
 R - an uncursed ring of ice
Wands
 F - a wand of teleportation (4/9)
 G - a wand of heal wounds (3/9)
Scrolls
 o - 5 scrolls of teleportation
 u - 9 scrolls of remove curse
 w - 2 scrolls of fog
Potions
 e - 3 potions of brilliance
 h - 5 potions of might
 j - 3 potions of heal wounds
 q - 3 potions of haste
 r - 3 potions of agility
 s - 3 potions of magic
 t - 10 potions of curing
 z - 2 potions of cure mutation
 A - 3 potions of ambrosia {unknown}
 B - 2 potions of lignification {unknown}
 D - 4 potions of mutation {unknown}
 I - a potion of berserk rage {unknown}
 K - a potion of flight {unknown}
Comestibles
 c - 8 bread rations
 i - a slice of pizza
 k - a royal jelly
 m - 12 beef jerkies
 p - 9 meat rations
 x - 5 chunks of flesh
 H - 6 fruits


   Skills:
 - Level 9.6 Fighting
 * Level 22.2 Polearms
 - Level 1.3 Armour
 + Level 11.9 Dodging


You had 11 spell levels left.
You didn't know any spells.

Dungeon Overview and Level Annotations

Branches:
Dungeon (10/15)            Temple (0/1) D:7            Lair (4/6) D:10
  Swamp (0/4) Lair:4       Spider (0/4) Lair:2
    Orc: D:9-12

Altars:
Ashenzari
Gozag
Trog
The Shining One

Shops:
D:5 **   D:7 ((=(

Annotations:
Lair:3 exclusion: oklob plant


Innate Abilities, Weirdness & Mutations

You revert to your normal form in water.
You are very nimble and swift while swimming.
You are very stealthy in the water. (Stealth+)
You are robust. (+10% HP)


Message History

* * * LOW HITPOINT WARNING * * *
The entropy weaver closely misses you. The entropy weaver hits you.
* * * LOW HITPOINT WARNING * * *
As you read the scroll of fear, it crumbles to dust.
You assume a fearsome visage.
The worker ant looks frightened!
The entropy weaver easily resists. x2; The blink frog looks frightened!
The blink frog blinks!
The entropy weaver mumbles some strange words.
The entropic weave corrodes you! The entropy weaver hits you!
* * * LOW HITPOINT WARNING * * *
The entropy weaver closely misses you. x2; The entropy weaver hits you!
* * * LOW HITPOINT WARNING * * *
The worker ant waves its antennae.
The blink frog blinks!
You feel much better. The entropy weaver hits you!
* * * LOW HITPOINT WARNING * * *
The entropy weaver hits you.
* * * LOW HITPOINT WARNING * * *
The entropy weaver misses you. The entropy weaver hits you!
You die...

.P#.##.##.....##P#P###.#....#.##.
.................................
.............P..#.##.#........P..
..............#...####.......P#..
..#..##.##...#............>PP##..
.#..#.##......#......##..........
.........#.................#.....
........#.....#......#...........
.P...........###@#.####.....#####
###......#...#.##a.###P....PP.###
#...#............F.a.............
.................................
...................§.............
.....................a...........
........ .......................
...... .......................
###..# §.....#.#..#...........


You could see 2 entropy weavers, a blink frog and a worker ant (fleeing).

Vanquished Creatures
  4 hydras
  5 death yaks (Lair:2)
  A hill giant (D:10)
  Pikel (D:6)
  The ghost of Kloppie the Spear-Bearer, a novice MfBe of Trog (D:5)
  An elephant (Lair:2)
  4 spiny frogs
  4 komodo dragons
  A polar bear (Lair:2)
  Grinder (D:6)
  2 blink frogs
  6 hippogriffs
  Sigmund (D:5)
  Eustachio (D:5)
  15 yaks
  3 basilisks
  2 hungry ghosts
  6 water moccasins
  2 phantoms
  10 porcupines
  2 ice beasts
  3 sky beasts
  2 orc warriors (D:8)
  10 ogres
  5 wolves (Lair:3)
  3 centaurs
  9 crocodiles
  2 elf zombies (Ossuary)
  Blork the orc (D:6)
  9 bullfrogs
  3 scorpions
  A howler monkey (D:7)
  5 wights (D:10)
  A vampire bat (Lair:3)
  An electric eel (D:10)
  2 jellies (D:7)
  2 centaur zombies
  2 bullfrog skeletons
  3 bullfrog zombies
  4 hounds
  5 orc wizards
  2 centaur skeletons
  3 orc priests
  6 gnoll shamans
  Natasha (thrice) (D:2)
  10 iguanas
  9 worker ants
  3 hound zombies
  2 hound skeletons (D:7)
  A howler monkey zombie (D:10)
  3 mummies (Ossuary)
  A worker ant zombie (D:5)
  19 gnolls
  10 adders
  5 river rats (D:10)
  2 shadow imps
  2 adder zombies (Ossuary)
  5 worms
  4 dart slugs
  7 leopard geckos
  33 orcs
  3 ball pythons
  12 bats
  11 giant cockroaches
  12 goblins
  4 hobgoblins
  6 jackals
  3 quokkas
  7 frilled lizards
  4 gnoll zombies (Ossuary)
  7 goblin zombies
  3 hobgoblin zombies (Ossuary)
  6 jackal zombies
  7 kobolds
  5 kobold zombies (Ossuary)
  A leopard gecko skeleton (D:8)
  An orc zombie (Ossuary)
  A quokka skeleton (D:5)
  2 quokka zombies (Ossuary)
  4 rats
  A rat zombie (Ossuary)
  4 plants (D:8)
380 creatures vanquished.

Vanquished Creatures (others)
  A wizard (D:6)
  A slave (D:6)
  8 fungi
  7 plants
17 creatures vanquished.

Grand Total: 397 creatures vanquished

Notes
Turn   | Place    | Note
-------+----------+-------------------------------------------
     0 | D:1      | Kloppie the Merfolk Berserker began the quest for the Orb.
     0 | D:1      | Reached XP level 1. HP: 18/18 MP: 1/1
    62 | D:1      | Reached skill level 5 in Polearms
    66 | D:1      | Reached XP level 2. HP: 24/24 MP: 2/2
   382 | D:1      | Reached XP level 3. HP: 29/29 MP: 3/3
   592 | D:1      | Reached ** piety under Trog
   606 | D:1      | Reached skill level 6 in Polearms
   682 | D:2      | Noticed Natasha
   691 | D:2      | Killed Natasha
   691 | D:2      | Reached XP level 4. HP: 11/37 MP: 4/4
  1400 | D:2      | Noticed Natasha
  1408 | D:2      | Killed Natasha
  1408 | D:2      | Reached skill level 7 in Polearms
  1411 | D:2      | Reached XP level 5. HP: 30/42 MP: 5/5
  1429 | D:2      | Noticed Natasha
  1438 | D:2      | Killed Natasha
  1746 | D:2      | Found a shattered altar of Ashenzari.
  2427 | D:3      | Reached skill level 8 in Polearms
  2464 | D:3      | Reached XP level 6. HP: 50/50 MP: 6/6
  2465 | D:3      | Reached skill level 5 in Fighting
  2787 | D:3      | Reached *** piety under Trog
  3034 | D:4      | Reached skill level 9 in Polearms
  3167 | D:4      | Found a glowing golden altar of the Shining One.
  3451 | D:4      | Noticed a sky beast
  3471 | D:4      | Killed a sky beast
  3471 | D:4      | Reached XP level 7. HP: 27/56 MP: 7/7
  3902 | D:5      | Entered Level 5 of the Dungeon
  3962 | D:5      | Found an opulent altar of Gozag.
  3963 | D:5      | Found Gozag's Platinum Reserve.
  3997 | D:5      | Found a sand-covered staircase.
  4033 | Ossuary  | Entered an ossuary
  4105 | Ossuary  | Reached skill level 10 in Polearms
  4176 | Ossuary  | Reached **** piety under Trog
  4893 | D:5      | Reached skill level 11 in Polearms
  4893 | D:5      | Reached XP level 8. HP: 32/65 MP: 8/8
  5205 | D:5      | Noticed Sigmund
  5212 | D:5      | Killed Sigmund
  5367 | D:5      | Noticed Kloppie's ghost (novice MfBe)
  5381 | D:5      | Killed Kloppie's ghost
  5381 | D:5      | Reached skill level 12 in Polearms
  5384 | D:5      | Reached skill level 13 in Polearms
  5460 | D:5      | Reached XP level 9. HP: 61/72 MP: 9/9
  5506 | D:5      | Found Daicanape's Assorted Antiques.
  5509 | D:5      | Bought a pearl ring for 125 gold pieces
  5509 | D:5      | Bought a scroll of identify for 50 gold pieces
  5514 | D:5      | Gained mutation: You are robust. (+10% HP) [potion of beneficial mutation]
  5686 | D:5      | Noticed Eustachio
  5711 | D:5      | Killed Eustachio
  5907 | D:6      | Found a bloodstained altar of Trog.
  5945 | D:6      | Noticed a wizard
  5948 | D:6      | Killed a wizard
  5995 | D:6      | Reached skill level 14 in Polearms
  6017 | D:6      | Noticed Blork the orc
  6032 | D:6      | Killed Blork the orc
  6079 | D:6      | Noticed Pikel
  6100 | D:6      | Killed Pikel
  6185 | D:6      | Noticed Grinder
  6264 | D:6      | Killed Grinder
  6264 | D:6      | Reached skill level 15 in Polearms
  6667 | D:7      | Found Kurib's Weapon Boutique.
  6822 | D:7      | Reached XP level 10. HP: 79/91 MP: 10/10
  6830 | D:7      | Found Posoah's Weapon Shop.
  6917 | D:7      | Found a staircase to the Ecumenical Temple.
  6952 | D:7      | Found Ixoseg's Weapon Emporium.
  6974 | D:7      | Found Maopeq's Jewellery Shop.
  6981 | D:7      | Bought a cursed ring of loudness for 54 gold pieces
  6981 | D:7      | Bought a cursed -3 ring of dexterity for 24 gold pieces
  7182 | D:8      | Reached skill level 16 in Polearms
  7331 | D:8      | Got a tattered robe
  7465 | D:8      | Identified the +1 robe of the Skies Above {rCorr Int-3 Stlth+} (You found it on level 8 of the Dungeon)
  7754 | D:8      | Reached ***** piety under Trog
  7923 | D:8      | Reached skill level 17 in Polearms
  8767 | D:9      | Reached skill level 5 in Dodging
  9246 | D:10     | Entered Level 10 of the Dungeon
  9348 | D:10     | Reached XP level 11. HP: 82/99 MP: 11/11
  9356 | D:10     | Reached skill level 18 in Polearms
  9575 | D:10     | Noticed a hill giant
  9596 | D:10     | Killed a hill giant
 10024 | D:10     | Found a staircase to the Lair.
 10406 | D:10     | Received a gift from Trog
 10557 | Lair:1   | Entered Level 1 of the Lair of Beasts
 10563 | Lair:1   | Reached skill level 19 in Polearms
 10652 | Lair:1   | Noticed a seven-headed hydra
 10661 | Lair:1   | Killed a four-headed hydra
 11333 | Lair:1   | Reached skill level 20 in Polearms
 11534 | Lair:2   | Noticed a death yak
 11535 | Lair:2   | Noticed a death yak
 11535 | Lair:2   | Noticed a death yak
 11535 | Lair:2   | Noticed a death yak
 11535 | Lair:2   | Noticed a death yak
 11552 | Lair:2   | Killed a death yak
 11552 | Lair:2   | Reached XP level 12. HP: 80/106 MP: 8/12
 11569 | Lair:2   | Killed a death yak
 11572 | Lair:2   | Killed a death yak
 11572 | Lair:2   | Reached skill level 10 in Dodging
 11576 | Lair:2   | Killed a death yak
 11643 | Lair:2   | Killed a death yak
 11917 | Lair:2   | Found a hole to the Spider Nest.
 12214 | Lair:2   | Reached skill level 21 in Polearms
 12515 | Lair:2   | Noticed a five-headed hydra
 12526 | Lair:2   | Killed a two-headed hydra
 12746 | Lair:3   | Noticed a six-headed hydra
 12756 | Lair:3   | Killed a two-headed hydra
 13152 | Lair:3   | Noticed an eight-headed hydra
 13166 | Lair:3   | Killed a three-headed hydra
 13166 | Lair:3   | Received a gift from Trog
 13217 | Lair:3   | Reached skill level 22 in Polearms
 13861 | Lair:4   | Noticed an entropy weaver
 13864 | Lair:4   | Noticed an entropy weaver
 13880 | Lair:4   | Found a staircase to the Swamp.
 13886 | Lair:4   | HP: 3/106 [entropy weaver (8)]
 13887 | Lair:4   | Mangled by an entropy weaver

Skill      XL: |  1  2  3  4  5  6  7  8  9 10 11 12 |
---------------+-------------------------------------+-----
Polearms       | 5 6 7 8 9 11 13 15 17 20 22 | 22.2
Fighting       | 4 5 6 7 9 |  9.6
Dodging        | 5 9 11 | 11.9
Armour         | |  1.3

Action                   |  1- 3 |  4- 6 |  7- 9 | 10-12 || total
-------------------------+-------+-------+-------+-------++-------
Melee: Spear             |   131 |   338 |   396 |       ||   865
       Halberd           |       |       |   170 |    75 ||   245
       Glaive            |       |       |       |   586 ||   586
Invok: Berserk           |       |     5 |     8 |     4 ||    17
       Trog's Hand       |       |     1 |     2 |     2 ||     5
  Use: Scroll            |       |    10 |    12 |     5 ||    27
       Potion            |       |       |     1 |     1 ||     2
 Stab: Sleeping          |       |     1 |     9 |    13 ||    23
       Distracted        |       |       |       |     4 ||     4
  Eat: Chunk             |       |    12 |    14 |    28 ||    54
       Meat ration       |       |       |     1 |       ||     1
       Royal jelly       |       |       |     1 |       ||     1
Armor: Animal skin       |    10 |       |       |       ||    10
       Ring mail         |     9 |    53 |    74 |    54 ||   190
       Robe              |       |       |       |    28 ||    28
Dodge: Dodged            |    65 |   107 |   172 |   374 ||   718
